 Dungeon Crawl Stone Soup version 0.29.1-2-gbd0b4ee654 (webtiles) character file.

Game seed: 2126216642682916688

120 RascalDebosk the Magician (level 5, -1/38 HPs)
             Began as a Djinni Venom Mage on Oct 29, 2022.
             Slain by a goblin
             ... wielding a +0 dagger of holy wrath
             ... led by Robin
              (4 damage)
             ... on level 2 of the Dungeon.
             The game lasted 00:22:05 (2893 turns).

RascalDebosk the Magician (Djinni Venom Mage)       Turns: 2893, Time: 00:22:05

Health: -1/38      AC:  2    Str:  7    XL:     5   Next: 25%
Gold:   44         EV: 12    Int: 18    God:
                   SH:  0    Dex: 14

rFire   + + .      SeeInvis .   s - +0 dagger
rCold   x . .      Faith    .   (no shield)
rNeg    . . .      Spirit   .   a - +0 robe
rPois   ∞          Reflect  .   (no helmet)
rElec   .          Harm     .   (no cloak)
rCorr   .          Rampage  .   (no gloves)
Will    .....                   (boots unavailable)
Stlth   ++........              (no amulet)
HPRegen 0.12/turn               (no ring)
MPRegen 0.00/turn               (no ring)

@: flying, very slightly contaminated
A: sickness immunity, fire resistance 2, cold vulnerability 1, float, innate
caster, HP casting, extra vitality 1
a: no special abilities


You were on level 2 of the Dungeon.
You visited 1 branch of the dungeon, and saw 2 of its levels.

You collected 44 gold pieces.

Inventory:

Hand Weapons
 s - a +0 dagger (weapon)
Armour
 a - a +0 robe (worn)
Scrolls
 b - 2 scrolls of blinking {unknown}
 c - a scroll of teleportation {unknown}
 d - a scroll of noise {unknown}
 e - a scroll of silence {unknown}
 f - 2 scrolls of identify {unknown}
 g - a scroll of immolation {unknown}
Potions
 h - 2 potions of magic {unknown}
 i - a potion of haste {unknown}


   Skills:
 + Level 2.0 Fighting
 - Level 2.1 Dodging
 - Level 1.5 Stealth
 * Level 3.9 Spellcasting


You couldn't memorise any spells.
You knew the following spells:

 Your Spells              Type           Power      Damage    Failure   Level
a - Sting                 Tmut/Pois      68%        1d6       3%          1
b - Poisonous Vapours     Pois/Air       34%        N/A       4%          2
c - Mephitic Cloud        Conj/Pois/Air  17%        N/A       9%          3
d - Olgreb's Toxic Radia  Pois           17%        N/A       28%         4
e - Summon Small Mammal   Summ           68%        N/A       3%          1
f - Scorch                Fire           34%        2d7       4%          2
Your spell library was empty.

Dungeon Overview and Level Annotations

Branches:
Dungeon (2/15)

Altars:

Annotations:
D:2 Robin, Sigmund


Innate Abilities, Weirdness & Mutations

You are immune to sickness and miasma.
You are immune to poison.
Your flesh is very heat resistant. (rF++)
You are vulnerable to cold. (rC-)
You float through the air rather than walking.
You learn spells naturally, not from books.
Your magical power is your life essence.
You have superior vitality. (+4 MHP)


Message History

Press: ? - help, Dir - move target, f - Natasha
Aim: Natasha Poisonous vapours surround Natasha!
Natasha is poisoned.
* * * LOW HITPOINT WARNING * * *
Natasha mumbles some strange words.
Casting: Poisonous Vapours (safe; 4% risk of failure)
Confirm with . or Enter, or press ? or * to list all spells.
Aiming: Poisonous Vapours (safe; 4% risk of failure)
Press: ? - help, Dir - move target, f/p - Natasha
Aim: Natasha (poisoned) Poisonous vapours surround Natasha!
Natasha looks even sicker.
* * * LOW HITPOINT WARNING * * *
Casting: Poisonous Vapours (safe; 4% risk of failure)
Confirm with . or Enter, or press ? or * to list all spells.
Aiming: Poisonous Vapours (safe; 4% risk of failure)
Press: ? - help, Dir - move target, f/p - Natasha
Aim: Natasha (moderately wounded, very poisoned) Poisonous vapours surround Natasha!
Natasha looks even sicker.
* * * LOW HITPOINT WARNING * * *
Casting: Poisonous Vapours (safe; 4% risk of failure)
Confirm with . or Enter, or press ? or * to list all spells.
The spell is quite dangerous to miscast (10% risk of failure)!
Continue anyway?
Aiming: Mephitic Cloud (quite dangerous; 10% risk of failure)
Press: ? - help, Shift-Dir - straight line, f/p - Natasha
Aim: Natasha (moderately wounded, very poisoned, chance to affect: 86%)
The ball explodes into a vile cloud!
The stinking cloud engulfs Natasha but does no damage.
Natasha is moderately wounded.
The stinking cloud engulfs the crimson imp but does no damage.
* * * LOW HITPOINT WARNING * * *
Natasha is engulfed in noxious fumes.
Natasha appears confused.
The crimson imp blinks!
You see here the felid corpse of Natasha.
Sigmund the Dreaded comes into view.
He is wielding a +0 scythe.
Sigmund moves out of view.
You see here the felid corpse of Natasha.
Aiming: Sting (safe; 3% risk of failure)
Press: ? - help, Q - select action, (/) - cycle Shift-Dir - straight line, f/p - Natasha
Aim: Natasha (severely wounded, confused, very poisoned, 88% to hit)
The sting hits Natasha but does no damage.
Natasha looks even sicker.
Natasha is severely wounded.
* * * LOW HITPOINT WARNING * * *
You kill Natasha!
You feel Natasha's spirit has finally been put to rest.
The crimson imp disappears in a puff of smoke!
Your Fighting skill increases to level 2!
You have reached level 5!
The power to cast Scorch wells up from within.
Spell assigned to 'f'.
Aiming: Sting (safe; 3% risk of failure)
Press: ? - help, Q - select action, (/) - cycle Shift-Dir - straight line, f - you That beam is likely to hit you.
Continue anyway?
Okay, then.
Press: ? - help, v - describe, . - travel The floor.
You start resting.
A goblin comes into view. It is wielding a +0 club.
Casting: Sting (safe; 3% risk of failure)
Confirm with . or Enter, or press ? or * to list all spells.
Aiming: Mephitic Cloud (dangerous; 9% risk of failure)
Press: ? - help, Shift-Dir - straight line, f - Robin
Aim: Robin, wielding a +0 spear, wearing a +0 animal skin and wearing a +0 helmet (wandering, hasn't noticed you, chance to affect: 91%)
You miscast Mephitic Cloud.
You are very lightly contaminated with residual magic.
Nothing appears to happen.
* * * LOW HITPOINT WARNING * * *
Robin shouts!
The goblin shouts!
You hear a shout! x4
Robin closely misses you.
You hear a shout!
Casting: Mephitic Cloud (dangerous; 9% risk of failure)
Confirm with . or Enter, or press ? or * to list all spells.
Aiming: Poisonous Vapours (safe; 4% risk of failure)
Press: ? - help, Dir - move target, f/p - Robin
Aim: Robin, wielding a +0 spear, wearing a +0 animal skin and wearing a +0 helmet Poisonous vapours surround Robin!
Robin is poisoned.
* * * LOW HITPOINT WARNING * * *
You hear a shout!
Robin roars a battlecry!
Casting: Poisonous Vapours (safe; 4% risk of failure)
Confirm with . or Enter, or press ? or * to list all spells.
Aiming: Poisonous Vapours (safe; 4% risk of failure)
Press: ? - help, Dir - move target, f/p - Robin
Aim: Robin, wielding a +0 spear, wearing a +0 animal skin and wearing a +0 helmet (poisoned) Poisonous vapours surround Robin!
Robin looks even sicker.
* * * LOW HITPOINT WARNING * * *
Robin hits you from afar with a +0 spear.
* * * LOW HITPOINT WARNING * * *
2 goblins come into view.
The goblin shouts!
A goblin comes into view.
It is wielding a +0 dagger of holy wrath.
The goblin moves out of view. x2
A hobgoblin comes into view.
The goblin shouts!
The goblin hits you with a +0 dagger of holy wrath.
* * * LOW HITPOINT WARNING * * *
The goblin attacks as you move away! The goblin hits you with a +0 dagger.
* * * LOW HITPOINT WARNING * * *
The goblin hits you with a +0 dagger of holy wrath.
You die...

### ... #.# .>.
#.# #.# #.# #.#
#.# #.# #. #.#
.. # #@## ..#.
$#.#####g.###
....
.......g†g..#
....
.......g#.#.# #
.######...#g# #
#.#.#g.#
###g..†..# ..
...###..#.#g#.#
..
.)............#


You could see Robin (very poisoned), a hobgoblin and 5 goblins.

Vanquished Creatures
  Natasha (thrice) (D:2)
  An adder (D:2)
  2 dart slugs (D:1)
  2 endoplasms
  A giant cockroach (D:1)
  7 goblins
  2 hobgoblins
  2 quokkas
  3 ball pythons
  3 bats
  2 frilled lizards (D:1)
  4 kobolds
  3 rats
35 creatures vanquished.

Notes
Turn   | Place    | Note
-------+----------+-------------------------------------------
     0 | D:1      | RascalDebosk the Djinni Venom Mage began the quest for the
                  | Orb.
     0 | D:1      | RascalDebosk set off with the following spells memorised:
                  | Sting, Poisonous Vapours, Mephitic Cloud, Olgreb's Toxic
                  | Radiance.
     0 | D:1      | Reached XP level 1. HP: 15/15 MP: 0/0
   492 | D:1      | Reached XP level 2. HP: 14/21 MP: 0/0
   635 | D:1      | Reached skill level 3 in Spellcasting
  1045 | D:1      | Reached XP level 3. HP: 14/25 MP: 0/0
  1045 | D:1      | Learned a level 1 spell: Summon Small Mammal
  1939 | D:2      | Noticed Natasha
  1949 | D:2      | Noticed Robin
  1956 | D:1      | Reached skill level 1 in Fighting
  2465 | D:2      | Killed Natasha
  2466 | D:2      | Reached XP level 4. HP: 11/32 MP: 0/0
  2739 | D:2      | Noticed Natasha
  2747 | D:2      | Killed Natasha
  2793 | D:2      | Noticed Natasha
  2801 | D:2      | Noticed Sigmund
  2805 | D:2      | Killed Natasha
  2806 | D:2      | Reached XP level 5. HP: 9/38 MP: 0/0
  2806 | D:2      | Learned a level 2 spell: Scorch
  2893 | D:2      | Slain by a goblin

Illustrated notes

Levels and vault maps discovered:
D:1:      evilmike_arrival_plus, layout_loops_ring
D:2:      layout_basic, kennysheep_pointless_box, hex_tiny, uniq_natasha,
          uniq_crazy_yiuf_cottage, uniq_robin, uniq_sigmund

Skill      XL: |  1  2  3  4 |
---------------+-------------+-----
Spellcasting   | 3 |  3.9
Fighting       | 1 2 |  2.0
Dodging        | |  2.1
Stealth        | |  1.5

Action                   |  1- 3 |  4- 6 || total
-------------------------+-------+-------++-------
Melee: Dagger            |     4 |       ||     4
 Cast: Sting             |    40 |     7 ||    47
       Poisonous Vapours |    28 |     9 ||    37
       Mephitic Cloud    |     5 |     2 ||     7
Armor: Robe              |     2 |     3 ||     5
Dodge: Dodged            |     9 |     4 ||    13
